 Dungeon Crawl Stone Soup version 0.14-a0-2100-g3cf34dd (webtiles) character file.

732 Jenx the Quickloader (level 7, -1/38 HPs)
             Began as a Kobold Hunter on Jan 26, 2014.
             Was a Follower of Nemelex Xobeh.
             Slain by a cyan ugly thing (2 damage)
             ... summoned by the player character
             ... on Level 5 of the Dungeon.
             The game lasted 00:16:55 (4749 turns).

Jenx the Quickloader (Kobold Hunter)                Turns: 4749, Time: 00:16:56

HP  -1/38        AC  6     Str 12      XL: 7   Next: 77%
MP  13/13        EV 11     Int 11      God: Nemelex Xobeh [*.....]
Gold 105         SH  0     Dex 15      Spells:  1 memorised,  4 levels left

rFire  + . .     SeeInvis +     (no weapon)
rCold  . . .     Clarity  .     s - +0 ring mail
rNeg   . . .     Conserve .     (no shield)
rPois  .         rCorr    .     (no helmet)
rElec  .         rRot     .     g - +0 cloak
SustAb . .       Spirit   .     (no gloves)
rMut   .         Warding  .     (no boots)
Saprov + + .     Stasis   .     (no amulet)
MR     .....                    n - ring of protection from fire
                                k - ring of see invisible

@: non-regenerating, diseased, not resistant to hostile enchantments, fairly
stealthy
A: disease resistance, carnivore 3, saprovore 2
a: Draw One, Renounce Religion


You were on level 5 of the Dungeon.
You worshipped Nemelex Xobeh.
Nemelex Xobeh was aware of your devotion.
You were not hungry.

You visited 1 branch of the dungeon, and saw 5 of its levels.

You collected 105 gold pieces.

Inventory:

Hand weapons
 a - a +0,+0 orcish war axe
 b - a +1,+1 crossbow
Missiles
 c - 27 bolts
Armour
 g - a +0 cloak (worn)
 s - a +0 ring mail (worn)
Comestibles
 f - 3 meat rations
Scrolls
 i - 2 scrolls of curse jewellery {unknown}
 j - 2 scrolls of blinking {unknown}
 l - a scroll of fear {unknown}
 m - a scroll of noise {unknown}
 p - a scroll of amnesia {unknown}
 t - 3 scrolls of remove curse
 v - a scroll of enchant weapon I {unknown}
 y - a scroll of fog {unknown}
 A - a scroll of random uselessness {unknown}
Jewellery
 k - a ring of see invisible (left hand)
 n - a ring of protection from fire (right hand)
Potions
 d - 2 potions of curing {unknown}
 e - a potion of might
 w - a potion of heal wounds {unknown}
Books
 z - a book of Flames

   Spells                             Type                      Level
   Flame Tongue                       Conjuration/Fire             1
   *Throw Flame                       Conjuration/Fire             2
   Conjure Flame                      Conjuration/Fire             3
   Inner Flame                        Hexes/Fire                   3
   Sticky Flame                       Conjuration/Fire             4
   Fireball                           Conjuration/Fire             5
Miscellaneous
 h - a plain deck of summonings {drawn: 8}


   Skills:
 - Level 1.1 Fighting
 - Level 8.3 Crossbows
 - Level 2.4 Dodging
 - Level 4.1 Stealth
 + Level 1.4 Fire Magic
 * Level 5.4 Evocations


You had 4 spell levels left.
You knew the following spells:

 Your Spells              Type           Power        Failure   Level  Hunger
a - Throw Flame           Conj/Fire      #.....       69%         2    ###....


Dungeon Overview and Level Annotations

Branches:
Dungeon (5/16)
 Temple: D:4-7

Altars:
Ashenzari
Cheibriados
Nemelex Xobeh
Okawaru
Trog
Vehumet
Zin
The Shining One


Innate Abilities, Weirdness & Mutations

You recuperate from illness quickly.
You are small and have problems with some larger weapons.
You are carnivorous and can eat meat at any time.
You can eat rotten meat.


Message History

The hound bites you but does no damage.
You draw a card...
It is Repulsiveness.
The crimson imp completely misses your glowing hammer.
The komodo dragon closely misses you. The hound bites you but does no damage.
The orange rat bites your glowing hammer!
Your glowing hammer is destroyed!
The cyan ugly thing tentacle-slaps you. The cyan ugly thing shocks you!
You draw a card...
It is the Bones.
The deck of cards disappears in a puff of smoke.
You are now empty-handed.
The hound closely misses you. The komodo dragon bites you!
Ouch! That really hurt!
* * * LOW HITPOINT WARNING * * *
You feel ill. The hound barely misses you.
The cyan ugly thing barely misses you.
You hit the giant newt skeleton. The hound bites you but does no damage.
The crimson imp blinks!
The komodo dragon misses you. The cyan ugly thing tentacle-slaps you.
You die...
Your body disappears without a glow. ##### #u@.# #lhz#

#.r§#
#...##
#...#..
#..<#.#
#...#.#
###5#.#
#.#5#


You could see a komodo dragon, a cyan ugly thing, an orange rat, a hound, a
crimson imp and a giant newt skeleton.

Vanquished Creatures
  The ghost of SublimeSnake the Ducker, an average FeMo (D:4)
  Sigmund (D:3)
  An agate snail (D:4)
  A crimson imp (D:4)
  2 orc priests (D:4)
  A worker ant (D:4)
  A giant frog skeleton (D:4)
  Ijyb (D:3)
  A hound skeleton (D:4)
  4 gnolls (D:3)
  2 giant mites
  8 adders
  8 giant geckos
  9 orcs
  16 bats
  3 giant cockroaches
  15 hobgoblins
  10 kobolds
  An ooze (D:4)
  2 quokkas (D:4)
  A ball python (D:1)
  4 giant newts
  12 goblins
  8 rats
113 creatures vanquished.

Vanquished Creatures (collateral kills)
  A hobgoblin skeleton (D:4)
1 creature vanquished.

Vanquished Creatures (others)
  3 dancing weapons
  A goblin skeleton (D:4)
4 creatures vanquished.

Grand Total: 118 creatures vanquished

Notes
Turn   | Place    | Note
--------------------------------------------------------------
     0 | D:1      | Jenx, the Kobold Hunter, began the quest for the Orb.
     0 | D:1      | Reached XP level 1. HP: 12/12 MP: 1/1
   151 | D:1      | Reached skill level 5 in Crossbows
   213 | D:1      | Reached XP level 2. HP: 16/16 MP: 2/2
   450 | D:1      | Reached XP level 3. HP: 20/20 MP: 3/3
   622 | D:1      | Reached skill level 6 in Crossbows
  1419 | D:2      | Reached XP level 4. HP: 22/25 MP: 4/4
  1465 | D:2      | Found an iron altar of Okawaru.
  2555 | D:3      | Noticed Ijyb
  2564 | D:3      | Killed Ijyb
  2564 | D:3      | Reached skill level 7 in Crossbows
  2564 | D:3      | Reached XP level 5. HP: 24/29 MP: 5/5
  2717 | D:3      | Noticed Sigmund
  2722 | D:3      | Killed Sigmund
  2779 | D:3      | Reached XP level 6. HP: 34/34 MP: 6/6
  3122 | D:3      | Reached skill level 8 in Crossbows
  3515 | D:3      | Learned a level 2 spell: Throw Flame
  3548 | D:4      | Found a glowing silver altar of Zin.
  3548 | D:4      | Found a snail-covered altar of Cheibriados.
  3548 | D:4      | Found a bloodstained altar of Trog.
  3548 | D:4      | Found a radiant altar of Vehumet.
  3558 | D:4      | Found a glowing golden altar of the Shining One.
  3570 | D:4      | Found an iron altar of Okawaru.
  3579 | D:4      | Found a sparkling altar of Nemelex Xobeh.
  3579 | D:4      | Found a shattered altar of Ashenzari.
  3591 | D:4      | Became a worshipper of Nemelex Xobeh
  3609 | D:4      | Received a gift from Nemelex Xobeh
  3679 | D:4      | Reached skill level 1 in Evocations
  3689 | D:4      | Noticed SublimeSnake's ghost (average FeMo)
  3693 | D:4      | Killed SublimeSnake's ghost
  3693 | D:4      | Reached XP level 7. HP: 30/38 MP: 7/10
  4190 | D:4      | Acquired Nemelex Xobeh's first power
  4478 | D:4      | Received a gift from Nemelex Xobeh
  4594 | D:4      | Reached skill level 1 in Fire Magic
  4594 | D:4      | Reached skill level 5 in Evocations
  4623 | D:4      | Found a snail-covered altar of Cheibriados.
  4725 | D:5      | Entered Level 5 of the Dungeon
  4725 | D:5      | Found a bloodstained altar of Trog.
  4733 | D:5      | Noticed a komodo dragon
  4746 | D:5      | Noticed a cyan ugly thing
  4748 | D:5      | HP: 1/38 [komodo dragon[the player character] (25)]
  4749 | D:5      | Slain by a cyan ugly thing

Action                   |  1- 3 |  4- 6 |  7- 9 || total
-------------------------+-------+-------+-------++-------
Melee: Short sword       |    80 |    79 |       ||   159
       Hand axe          |       |     7 |   122 ||   129
       Unarmed           |       |       |     1 ||     1
 Fire: Crossbow          |    26 |    68 |    54 ||   148
Evoke: Deck              |       |       |    13 ||    13
  Use: Potion            |     2 |       |       ||     2
       Scroll            |       |     4 |     2 ||     6
 Stab: Sleeping          |       |     1 |     3 ||     4
       Distracted        |       |       |     1 ||     1
